AoeStats
← Long John Silver

African Clearing

505493278Analyzed
4v4 RM · 23d ago on Sep 9, 2026· 50m 52s· 8 players
Game mode
Random Map
Map size
Large (8 player)
Population
200
Speed
Normal
Resources
Standard
Victory
Conquest
Starting age
Dark Age
Ending age
Imperial Age
RankedLock teamsTeams togetherTeam positionsShared explorationLock speedFull tech treeHidden civsTurbo modeCheats
Victory
Defeat
🇫🇷 Khmer · France
1556
+12
🇹🇷 Lithuanians · Türkiye
1546
+12
🇩🇪 Burgundians · Germany
1449
+16
🇦🇷 Mongols · Argentina
1389
+18
🇨🇳 Turks · China
1508
-17
1489
-16
🇨🇳 Berbers · China
1426
-13
🇶🇦 Chinese · Qatar
1397
-12
=)Svanhilde
12:54 Feudal Age
16:05 Castle Age
14:14 Double-Bit Axe
15:03 Horse Collar
16:58 Bow Saw
18:20 Heavy Plow
21:30 Wheelbarrow
26:20 Hand Cart
29:02 Loom
29:02 Town Watch
32:39 Imperial Age
31:38 Scale Barding Armor
31:43 Forging
31:58 Tusk Swords
31:57 Gold Mining
31:57 Stone Mining
32:44 Bloodlines
32:35 Husbandry
33:00 Chain Barding Armor
32:52 Heavy Scorpion
33:34 Elite Battle Elephant
33:41 Capped Ram
35:16 Plate Barding Armor
35:29 Ballistics
36:09 Chemistry
37:21 Town Patrol
38:53 Conscription
39:45 Gold Shaft Mining
39:46 Stone Shaft Mining
39:29 Fletching
40:17 Iron Casting
43:17 Blast Furnace
43:21 Bodkin Arrow
46:29 Bracer
46:40 Masonry
46:25 Siege Ram
47:47 Double Crossbow
49:12 Architecture
nicetobeatyou
9:24 Loom
13:23 Feudal Age
17:34 Castle Age
15:57 Double-Bit Axe
16:15 Horse Collar
18:54 Bow Saw
18:45 Heavy Plow
24:24 Scale Barding Armor
28:56 Forging
34:05 Chain Barding Armor
40:00 Gold Mining
40:46 Iron Casting
41:53 Wheelbarrow
42:16 Town Watch
45:37 Imperial Age
44:41 Stone Mining
45:46 Bloodlines
45:36 Husbandry
45:42 Elite Leitis
46:57 Hand Cart
47:19 Plate Barding Armor
48:18 Conscription
48:32 Conscription
48:51 Crop Rotation
50:08 Town Patrol
50:45 Capped Ram
ELCOCHINOTE
4:22 Loom
12:46 Feudal Age
17:01 Castle Age
21:45 Fletching
23:27 Bodkin Arrow
Long John Silver
8:36 Loom
10:56 Feudal Age
9:30 Double-Bit Axe
12:50 Bow Saw
14:08 Horse Collar
14:53 Forging
17:48 Scale Barding Armor
23:09 Castle Age
23:43 Wheelbarrow
23:29 Light Cavalry
24:10 Husbandry
24:36 Heavy Plow
25:45 Town Watch
28:40 Fletching
29:10 Chain Barding Armor
32:43 Two-Man Saw
32:14 Crop Rotation
32:23 Gold Mining
32:23 Stone Mining
35:29 Chain Barding Armor
40:22 Imperial Age
38:30 Hand Cart
38:15 Town Patrol
38:34 Town Patrol
39:11 Gold Shaft Mining
39:11 Stone Shaft Mining
39:13 Iron Casting
39:32 Padded Archer Armor
39:29 Bodkin Arrow
40:07 Burgundian Vineyards
39:49 Elite Skirmisher
41:00 Leather Archer Armor
41:11 Bracer
42:24 Chemistry
42:03 Plate Barding Armor
42:26 Ballistics
44:38 Blast Furnace
43:52 Masonry
43:22 Treadmill Crane
46:07 Conscription
45:09 Elite Coustillier
46:24 Architecture
48:05 Guilds
49:51 Hoardings
49:29 Scale Mail Armor
48:50 Pikeman
49:31 Squires
50:51 Chain Mail Armor
JanChess
3:14 Loom
13:39 Feudal Age
17:36 Castle Age
15:42 Double-Bit Axe
15:51 Gold Mining
18:38 Bow Saw
18:21 Fletching
19:55 Town Watch
20:46 Wheelbarrow
25:24 Horse Collar
29:04 Bodkin Arrow
29:13 Heavy Plow
30:23 Padded Archer Armor
32:40 Husbandry
32:51 Bloodlines
38:48 Imperial Age
38:54 Leather Archer Armor
39:28 Bracer
40:01 Ballistics
41:44 Chemistry
43:07 Scale Mail Armor
43:54 Conscription
Yucatan_water_supremacy
3:55 Loom
12:17 Feudal Age
14:42 Town Watch
21:57 Castle Age
20:23 Double-Bit Axe
21:35 Horse Collar
22:43 Pikeman
33:46 Wheelbarrow
33:25 Husbandry
35:45 Scale Barding Armor
36:20 Hand Cart
43:24 Chain Barding Armor
49:47 Bow Saw
网恋被骗50块
5:26 Loom
11:57 Feudal Age
13:59 Town Watch
14:21 Double-Bit Axe
15:23 Horse Collar
17:36 Wheelbarrow
18:05 Bloodlines
17:55 Gold Mining
22:36 Castle Age
20:41 Stone Mining
21:06 Forging
22:38 Scale Barding Armor
23:41 Bow Saw
24:23 Hand Cart
29:31 Chain Barding Armor
29:13 Husbandry
34:31 Iron Casting
36:47 Heavy Plow
38:16 Kasbah
42:36 Imperial Age
41:14 Treadmill Crane
41:55 Ballistics
41:31 Murder Holes
42:50 Heavy Camel Rider
42:51 Cavalier
42:51 Light Cavalry
44:16 Gold Shaft Mining
44:17 Stone Shaft Mining
44:34 Plate Barding Armor
44:59 Blast Furnace
43:51 Fletching
44:01 Padded Archer Armor
45:58 Siege Engineers
45:47 Pikeman
46:27 Squires
46:13 Arson
46:30 Scale Mail Armor
46:54 Conscription
第一滴血
12:03 Feudal Age
13:17 Loom
17:30 Castle Age
17:15 Forging
17:44 Double-Bit Axe
28:54 Horse Collar
31:28 Ballistics
40:15 Imperial Age
39:51 Thumb Ring
39:37 Fletching
40:42 Husbandry
40:35 Gold Mining
42:23 Wheelbarrow
42:04 Bodkin Arrow
42:31 Bow Saw
42:55 Bracer
42:55 Padded Archer Armor
43:25 Parthian Tactics
43:16 Bloodlines
44:37 Leather Archer Armor
45:56 Sipahi
46:23 Conscription
46:51 Ring Archer Armor
46:52 Heavy Cavalry Archer
48:03 Scale Barding Armor
48:18 Stone Mining
49:03 Gold Shaft Mining
48:44 Hand Cart
48:17 Town Watch
49:38 Two-Man Saw
Connection lost

Rejoining the realm…

Still unreachable

The connection could not be restored.

Session expired

The server has moved on; the page needs a fresh start.